cohdb
Replays
Latest Replays
All Replays
Popular Replays
Top Player Replays
Match Explorer
How It Works
Community
CoH3 Stats
Reddit
Sign in to upload your games and track your stats! →
Sign in with Steam
Match 44644519
Unlisted
Match 44644519
Overview
Messages
Build Orders
End
Construct Infanterie Kompanie
Selects Mechanized Battlegroup
MG 42 Machine Gun Team
Grenadier Squad
Grenadier Squad
GrW 34 Mortar Team
Construct Luftwaffe Kompanie
221 Scout Car
Jäger Squad
Medical Station
Support Elements
Jäger Squad
Wirbelwind Flakpanzer
Selects Raid Package
Selects 8 Rad Armored Car
Jäger Squad
Jäger Squad
Construct Panzer Kompanie
Selects Raid Package
Selects StuG Assault Group
Selects UNKNOWN (2160084)
Pioneer Squad
Selects Spotting Scopes
Selects Wespe Self-propelled Artillery
Selects Zeroing Artillery Barrage
Panther Heavy Tank
Zeroing Artillery Barrage
Zeroing Artillery Barrage
Panzer IV Medium Tank
Zeroing Artillery Barrage
Jäger Squad
Jäger Squad
Wespe Self-propelled Artillery
Lalli85
Sinhalaking [SHG]
izi
BlackBird
Serial Chiller
Seifer
BULAT
bozixll
0
0
Comments
sign in to comment!
No comments posted yet!